 Dungeon Crawl Stone Soup version 0.29-a0-43-g62a80824bf (webtiles) character file.

Game seed: 9345483365002062170

1066 soggyman666 the Firebug (level 7, 0/50 HPs)
             Began as a Demigod Fire Elementalist on Feb 2, 2022.
             Shot with an arrow by a centaur (12 damage)
             ... on level 6 of the Dungeon.
             The game lasted 00:14:05 (7562 turns).

soggyman666 the Firebug (Demigod Fire Elementalist) Turns: 7562, Time: 00:14:06

Health: 0/50       AC:  4    Str:  9    XL:     7   Next: 79%
Magic:  4/26       EV: 13    Int: 31    God:
Gold:   260        SH:  0    Dex: 14    Spells: 9/15 levels left

rFire   . . .      SeeInvis .   b - +0 short sword
rCold   . . .      Faith    .   (no shield)
rNeg    . . .      Spirit   .   a - +0 robe
rPois   .          Reflect  .   t - +1 hat
rElec   .          Harm     .   (no cloak)
rCorr   .          Rampage  .   (no gloves)
Will    .....                   d - +0 pair of boots
Stlth   ++........              (no amulet)
HPRegen 0.16/turn               i - +6 ring of intelligence
MPRegen 0.20/turn               l - ring of magical power

@: very slightly contaminated
A: high MP 1, forlorn, divine attributes
a: no special abilities


You were on level 6 of the Dungeon.
You visited 1 branch of the dungeon, and saw 6 of its levels.
You also visited: Sewer.

You collected 260 gold pieces.

Inventory:

Hand Weapons
 b - a +0 short sword (weapon)
Armour
 a - a +0 robe (worn)
 d - a +0 pair of boots (worn)
 t - a +1 hat (worn)
Magical Staves
 k - a staff of earth
 u - a staff of poison
Jewellery
 i - a +6 ring of intelligence (left hand)
 j - a ring of wizardry
 l - a ring of magical power (right hand)
Wands
 g - a wand of iceblast (5)
 n - a wand of acid (8)
Scrolls
 c - 2 scrolls of teleportation
 f - a scroll of noise {unknown}
 o - a scroll of enchant armour {unknown}
 p - 2 scrolls of blinking {unknown}
 q - a scroll of amnesia {unknown}
 r - 4 scrolls of enchant weapon
 w - 2 scrolls of fog {unknown}
 x - a scroll of immolation {unknown}
 y - a scroll of identify
Potions
 e - a potion of haste
 h - 3 potions of heal wounds
 m - 2 potions of might
 s - 2 potions of magic {unknown}
 v - a potion of curing


   Skills:
 + Level 0.1 Short Blades
 * Level 3.7 Dodging
 * Level 3.5 Stealth
 + Level 4.9 Spellcasting
 + Level 2.4 Conjurations
 + Level 5.4 Fire Magic


You had 9 spell levels left.
You knew the following spells:

 Your Spells              Type           Power      Damage    Failure   Level
a - Foxfire               Conj/Fire      100%       2x1d9     1%          1
b - Scorch                Fire           82%        2d9       1%          2
c - Conjure Flame         Conj/Fire      31%        6-21      3%          3

Your spell library contained the following spells:

 Spells                   Type           Power      Damage    Failure   Level
 Inner Flame              Hex/Fire       24%        N/A       5%          3
 Flame Wave               Conj/Fire      31%        2d8       11%         4


Dungeon Overview and Level Annotations

Branches:
Dungeon (6/15)             Temple (0/1) D:4           Sewer (visited)


Innate Abilities, Weirdness & Mutations

You have an increased reservoir of magic. (+10% MP)
You shall have no god before yourself.
Your divine heritage dramatically boosts your attributes as you level up.


Message History

Confirm with . or Enter, or press ? or * to list all spells.
Flames lash the gnoll sergeant but do no damage.
The gnoll sergeant hits you from afar with a +0 spear!
Casting: Scorch (safe; 1% risk of failure)
Confirm with . or Enter, or press ? or * to list all spells.
Flames lash the gnoll sergeant.
The gnoll sergeant is moderately wounded.
The gnoll sergeant's fire resistance burns away.
The gnoll sergeant hits you from afar with a +0 spear.
Casting: Scorch (safe; 1% risk of failure)
Confirm with . or Enter, or press ? or * to list all spells.
Flames lash the gnoll sergeant.
The gnoll sergeant is burned terribly!
The gnoll sergeant is almost dead.
The gnoll sergeant hits you but does no damage.
Casting: Scorch (safe; 1% risk of failure)
Confirm with . or Enter, or press ? or * to list all spells.
Flames lash the gnoll sergeant.
The gnoll sergeant is burned terribly!
You kill the gnoll sergeant!
The centaur shoots an arrow.
The arrow hits you!
The centaur shoots an arrow.
The arrow hits you.
* * * LOW HITPOINT WARNING * * *
The centaur is no longer more vulnerable to fire.
A bullfrog skeleton comes into view.
There is a stone staircase leading down here.
The centaur shoots an arrow.
The arrow barely misses you.
Casting: Scorch (safe; 1% risk of failure)
Confirm with . or Enter, or press ? or * to list all spells.
The fire begins to smoulder!
The fire ignites!
The centaur shoots an arrow.
The arrow completely misses you.
The centaur shoots an arrow.
The arrow closely misses you.
The centaur shoots an arrow.
The arrow hits you!
* * * LOW HITPOINT WARNING * * *
Casting: Conjure Flame (dangerous; 3% risk of failure)
Confirm with . or Enter, or press ? or * to list all spells.
You miscast Conjure Flame.
You are very lightly contaminated with residual magic.
Nothing appears to happen.
The centaur shoots an arrow.
The arrow hits you!
You die...

#.### #.... #################
#####.#.. ..c.....c.....c.#
#.....#.. ###############.##
#.#####.# ######### #..#
#.#####.. .... .... ##.#
#.......#
...........#####.##########......
... ............@................
...........#####..########.......
#.#...... ##.# #......[ .........
#.. #....... #<# ##.# #.......
......... +# #...(... #.#......
#....... ......... #....... #.#
...## #.......


You could see a centaur.

Vanquished Creatures
  A centaur zombie (D:6)
  An ice beast (D:6)
  A gnoll sergeant (D:6)
  A howler monkey (D:5)
  4 jellies
  2 hounds
  A bullfrog skeleton (D:5)
  An iguana (D:5)
  An orc wizard (D:4)
  A hound skeleton (D:5)
  A mummy (D:4)
  7 adders
  2 river rats (Sewer)
  A white imp (D:4)
  2 worms (D:4)
  13 orcs
  8 ball pythons
  11 endoplasms
  6 giant cockroaches
  10 goblins
  7 hobgoblins
  6 jackals
  6 quokkas
  3 bats
  6 frilled lizards
  7 kobolds
  A quokka skeleton (D:4)
  8 rats
119 creatures vanquished.

Vanquished Creatures (others)
  436 foxfires
436 creatures vanquished.

Grand Total: 555 creatures vanquished

Notes
Turn   | Place    | Note
-------+----------+-------------------------------------------
     0 | D:1      | soggyman666 the Demigod Fire Elementalist began the quest
                  | for the Orb.
     0 | D:1      | Reached XP level 1. HP: 14/14 MP: 5/5
   137 | D:1      | Reached skill level 3 in Fire Magic
   654 | D:1      | Reached XP level 2. HP: 20/20 MP: 2/7
   756 | D:1      | Reached skill level 1 in Conjurations
  2025 | D:2      | Learned a level 2 spell: Scorch
  2070 | D:2      | Reached XP level 3. HP: 26/26 MP: 3/9
  3258 | D:3      | Reached XP level 4. HP: 33/33 MP: 11/11
  3479 | D:3      | Found a glowing drain.
  3503 | Sewer    | Entered a sewer
  3918 | Sewer    | Reached XP level 5. HP: 38/38 MP: 13/13
  4319 | D:3      | Learned a level 3 spell: Conjure Flame
  5172 | D:4      | Reached skill level 4 in Fire Magic
  5455 | D:4      | Reached XP level 6. HP: 40/45 MP: 14/14
  5973 | D:4      | Found a staircase to the Ecumenical Temple.
  6314 | D:5      | Entered Level 5 of the Dungeon
  7232 | D:6      | Reached skill level 5 in Fire Magic
  7232 | D:6      | Reached XP level 7. HP: 37/50 MP: 9/17
  7562 | D:6      | Shot with an arrow by a centaur

Illustrated notes

Levels and vault maps discovered:
D:1:      sevenhm_arrival_forest_fort_large_3, layout_loops_ring,
          shapermc_ecumenical_altar_hornbeckon, minmay_misc_feat_rows
D:2:      layout_basic, basic_altar
D:3:      layout_basic, gup_sewer_entry_glass
D:4:      layout_basic, chei_slow_surprise, marbit_many_paths,
          minmay_temple_entry_large_hall
D:5:      layout_loops_ring, gammafunk_temple_overflow_forgotten
D:6:      layout_basic, kennysheep_mini, st_stairs_9, kennysheep_dice

Skill      XL: |  1  2  3  4  5  6 |
---------------+-------------------+-----
Fire Magic     | 3 4 5 |  5.4
Conjurations   | 1 2 |  2.4
Spellcasting   | 2 3 4 |  4.9
Stealth        | 2 3 |  3.5
Dodging        | 2 3 |  3.7
Short Blades   | |  0.1

Action                   |  1- 3 |  4- 6 |  7- 9 || total
-------------------------+-------+-------+-------++-------
Melee: Short sword       |    18 |       |       ||    18
 Cast: Foxfire           |   106 |   155 |     9 ||   270
       Scorch            |     7 |    41 |     9 ||    57
       Conjure Flame     |       |     3 |     2 ||     5
  Use: Scroll            |     3 |     4 |     1 ||     8
       Potion            |       |     1 |       ||     1
Armor: Robe              |     8 |     9 |     4 ||    21
Dodge: Dodged            |    14 |    12 |     7 ||    33

Table legend: (Time is in decaauts)
 A = Elapsed time spent in this place.
 B = Non-inter-level travel time spent in this place.
 C = Inter-level travel time spent in this place.
 D = Time resting spent in this place.
 E = Time spent auto-exploring this place.
 F = Levels seen in this place.
 G = Mean time per level.
                   A        B        C        D        E       F      G
               +--------+--------+--------+--------+--------+-----+--------+
         Total |   7595 |   7304 |    291 |    486 |   5915 |   7 | 1085.0 |
       Dungeon |   6883 |   6592 |    291 |    486 |   5341 |   6 | 1147.2 |
         Sewer |    711 |    711 |      0 |      0 |    573 |   1 |  711.0 |
               +--------+--------+--------+--------+--------+-----+--------+

Top non-repeatable levels by time:
     D:2: 1695 daAuts
     D:1: 1558 daAuts
     D:4: 1325 daAuts
     D:3: 1056 daAuts
     D:5: 902 daAuts
   Sewer: 711 daAuts
     D:6: 346 daAuts
